 Dungeon Crawl Stone Soup version 0.26-a0-859-gf57989e088 (webtiles) character file.

Game seed: 1641850456945231228

48 Conn the Firebug (level 3, -1/21 HPs)
             Began as an Octopode Fire Elementalist on Nov 25, 2020.
             Slain by a rat (3 damage)
             ... on level 2 of the Dungeon.
             The game lasted 00:03:26 (1489 turns).

Conn the Firebug (Octopode Fire Elementalist)       Turns: 1489, Time: 00:03:27

Health: -1/21      AC:  1    Str:  7    XL:     3   Next: 72%
Magic:  5/7        EV: 13    Int: 18    God:
Gold:   82         SH:  0    Dex: 12    Spells: 3/7 levels left

rFire    . . .     SeeInvis .   e - +0 dagger
rCold    . . .     Faith    .   (no shield)
rNeg     . . .     Spirit   .   (helmet restricted)
rPois    .         Reflect  .   (no amulet)
rElec    .         Harm     .   (no ring)
rCorr    .         Rampage  .   (no ring)
MR       .....                  (no ring)
Stlth    +++.......             (no ring)
HPRegen  0.07/turn              (no ring)
MPRegen  0.10/turn              (no ring)
                                (no ring)
                                (no ring)

@: flying
A: almost no armour, stealthy swim, amphibious, 8 rings, constrict 8, camouflage
1, gelatinous body 1
a: no special abilities


You were on level 2 of the Dungeon.
You visited 1 branch of the dungeon, and saw 2 of its levels.

You collected 82 gold pieces.

Inventory:

Hand Weapons
 e - a +0 dagger (weapon)
Missiles
 h - 16 poisoned darts (quivered)
Scrolls
 a - 2 scrolls of enchant armour {unknown}
 c - a scroll of remove curse
 d - a scroll of identify {unknown}
 g - a scroll of fog {unknown}
 i - a scroll of teleportation {unknown}
 j - a scroll of blinking {unknown}


   Skills:
 + Level 2.0 Dodging
 + Level 3.0 Stealth
 + Level 2.8 Spellcasting
 + Level 1.4 Conjurations
 + Level 3.5 Fire Magic


You had 3 spell levels left.
You knew the following spells:

 Your Spells              Type           Power        Failure   Level
a - Foxfire               Conj/Fire      ##..         6%          1
b - Conjure Flame         Conj/Fire      ##......     19%         3

Your spell library contained the following spells:

 Spells                   Type           Power        Failure   Level
 Inner Flame              Hex/Fire       #.......     24%         3
 Sticky Flame             Conj/Fire      ##......     52%         4
 Fireball                 Conj/Fire      ##........   86%         5


Dungeon Overview and Level Annotations

Branches:
Dungeon (2/15)

Altars:

Annotations:
D:2 Robin


Innate Abilities, Weirdness & Mutations

You cannot wear most types of armour.
You are very stealthy in the water. (Stealth+)
You are amphibious.
You can wear up to eight rings at the same time.
You can use your tentacles to constrict eight enemies at once.
Your skin changes colour to match your surroundings (Stealth+).
Your rubbery body absorbs attacks. (AC +1, EV +1)


Message History

The rat closely misses you. The goblin hits you with a +0 dagger.
* * * LOW HITPOINT WARNING * * *
You hit the goblin. Your grab misses the goblin.
The goblin is severely wounded.
The rat barely misses you. The goblin hits you but does no damage.
You closely miss the goblin. Your grab misses the goblin.
The goblin is heavily wounded.
The rat misses you. The goblin hits you but does no damage.
You barely miss the goblin. Your grab misses the goblin.
Your squeeze misses the goblin.
The goblin is heavily wounded.
The rat twitches its whiskers.
The rat bites you.
* * * LOW HITPOINT WARNING * * *
The goblin closely misses you.
You barely miss the goblin. You grab the goblin.
The goblin is heavily wounded.
You constrict the goblin, but do no damage.
The rat bites you.
You die...

#...bg!....#
#.g..g....# #
#...<....?# ######
##.#g.##### ##.....
# #.## #######..###.
..# ##........g...
#######..#####..####
#.r..........##
#@†....g.#####
#)g.........!..#
##############.#


You could see a hobgoblin, a goblin and a rat.

Vanquished Creatures
  A dart slug (D:1)
  An orc (D:2)
  2 ball pythons (D:1)
  4 bats (D:1)
  11 goblins
  6 hobgoblins
  6 kobolds (D:1)
  5 frilled lizards (D:1)
  4 rats (D:1)
40 creatures vanquished.

Vanquished Creatures (others)
  92 foxfires
92 creatures vanquished.

Grand Total: 132 creatures vanquished

Notes
Turn   | Place    | Note
-------+----------+-------------------------------------------
     0 | D:1      | Conn the Octopode Fire Elementalist began the quest for the
                  | Orb.
     0 | D:1      | Reached XP level 1. HP: 11/11 MP: 3/3
   507 | D:1      | Reached XP level 2. HP: 17/17 MP: 0/5
   821 | D:1      | Reached XP level 3. HP: 21/21 MP: 2/6
   825 | D:1      | Learned a level 3 spell: Conjure Flame
  1300 | D:2      | Noticed Robin
  1489 | D:2      | Slain by a rat

Illustrated notes

Levels and vault maps discovered:
D:1:      giann_bridges, layout_basic, minivault_14
D:2:      layout_rooms, serial_glass, glass_columns_b, glass_columns_b,
          st_stairs_5, uniq_robin

Skill      XL: |  1  2 |
---------------+-------+-----
Stealth        | 3 |  3.0
Dodging        | |  2.0
Spellcasting   | |  2.8
Conjurations   | |  1.4
Fire Magic     | |  3.5

Action                   || total
-------------------------++-------
Melee: Unarmed           ||     6
       Constrict         ||     6
       Tentacles         ||     3
       Dagger            ||    15
 Cast: Foxfire           ||    51
  Use: Scroll            ||     2
       Potion            ||     2
 Stab: Sleeping          ||     2
Armor: Skin              ||     6
Dodge: Dodged            ||    34

Table legend: (Time is in decaauts)
 A = Elapsed time spent in this place.
 B = Non-inter-level travel time spent in this place.
 C = Inter-level travel time spent in this place.
 D = Time resting spent in this place.
 E = Time spent auto-exploring this place.
 F = Levels seen in this place.
 G = Mean time per level.
                   A        B        C        D        E       F      G
               +--------+--------+--------+--------+--------+-----+--------+
         Total |   1488 |   1461 |     27 |    250 |    727 |   2 |  744.0 |
       Dungeon |   1488 |   1461 |     27 |    250 |    727 |   2 |  744.0 |
               +--------+--------+--------+--------+--------+-----+--------+

Top non-repeatable levels by time:
     D:1: 1359 daAuts
     D:2: 129 daAuts
